 Dungeon Crawl Stone Soup version 0.31-a0-355-g57cb03d3e8 (webtiles) character file.

Game seed: 5209383461817177915

58 LustLizard the Ruffian (level 4, 0/28 (29) HPs)
             Began as an Octopode Shapeshifter on July 24, 2023.
             Slain by a gnoll
             ... wielding a +0 flail of draining
              (6 damage)
             ... on level 2 of the Dungeon.
             The game lasted 00:03:03 (1650 turns).

LustLizard the Ruffian (Octopode Shapeshifter)      Turns: 1650, Time: 00:03:04

HP:   0/28 (29)     AC:  1    Str: 16    XL:     4   Next: 1%
MP:   4/4           EV: 13    Int: 10    God:
Gold: 153           SH:  0    Dex: 12    Spells: 1/3 levels left

rFire   + .          .
                       - Unarmed
rCold   . . .        (no shield)
rNeg    . . .        (helmet currently unavailable)
rPois   .            (no amulet)
rElec   .            f - ring of protection from fire
rCorr   .            (no ring)
SInv    .            (no ring)
Will    .....        (no ring)
Stlth   ++           (no ring)
HPRegen 0.24/turn    (no ring)
MPRegen 0.09/turn    (no ring)
                     (no ring)

%: no passive effects
@: beast-form, silenced, lightly drained
A: beast (slay +2), almost no armour, amphibious, 8 rings, camouflage 1,
gelatinous body 1, (nimble swimmer 1), tentacles
a: Begin Untransformation


You were on level 2 of the Dungeon.
You were a hulking beast.
You visited 1 branch of the dungeon, and saw 2 of its levels.

You collected 153 gold pieces.

Inventory:

Jewellery
 f - a ring of protection from fire (left tentacle)
Talismans
 b - a beast talisman
 k - a blade talisman
Scrolls
 g - a scroll of fear {unknown}
 i - a scroll of butterflies {unknown}
Potions
 a - a potion of lignification
 c - a potion of mutation
 e - 4 potions of might
 h - a potion of curing {unknown}
 j - a potion of heal wounds {unknown}


   Skills:
 + Level 1.7 Fighting
 - Level 2.0 Dodging
 + Level 1.9 Stealth
 * Level 3.7 Unarmed Combat
 + Level 0.3 Translocations
 + Level 3.2 Shapeshifting


You had one spell level left.
You knew the following spells:

 Your Spells              Type           Power      Damage    Failure   Level
a - Blink                 Tloc           0%         N/A       45%         2

Your spell library contained the following spells:

 Spells                   Type           Power      Damage    Failure   Level
 Lesser Beckoning         Tloc           0%         N/A       45%         2
 Momentum Strike          Conj/Tloc      0%         3d8       47%         2
 Sublimation of Blood     Necr           0%         N/A       50%         2
 Wereblood                Tmut           0%         N/A       50%         2
 Ozocubu's Armour         Ice            0%         N/A       75%         3
 Metabolic Englaciation   Hex/Ice        0%         N/A       100%        5
 Simulacrum               Ice/Necr       0%         N/A       100%        6
 Summon Hydra             Summ           0%         N/A       100%        7


Dungeon Overview and Level Annotations

Branches:
Dungeon (2/15)

Altars:


Innate Abilities, Weirdness & Mutations

You are a hulking beast.
Your limbs bulge with bestial killing power. (Slay +2)
You cannot wear most types of armour.
You are amphibious.
You can wear up to eight rings at the same time.
Your skin changes colour to match your surroundings (Stealth+).
Your rubbery body absorbs attacks. (AC +1, EV +1)
((You are camouflaged when in or above water. (Stealth+)))
You have tentacles for arms and can constrict up to eight enemies at once.


Message History

Found a blade talisman.
There are monsters nearby!
You see here a blade talisman.
k - a blade talisman A hobgoblin comes into view.
The gnoll shouts!
The hobgoblin shouts!
The hobgoblin misses you.
The gnoll hits you from afar with a +0 halberd!
The hobgoblin attacks as you move away! The hobgoblin hits you.
The gnoll closely misses you. The hobgoblin attacks as you move away!
The hobgoblin hits you.
Found a stone staircase leading down.
You tentacle-slap the hobgoblin. You grab the hobgoblin.
The hobgoblin is heavily wounded.
You constrict the hobgoblin. The hobgoblin hits you.
You bludgeon the hobgoblin!
You kill the hobgoblin!
A bat comes into view.
There is a stone staircase leading down here.
The helpless bat fails to defend itself.
You bludgeon the bat!
You kill the bat!
You have reached level 4!
The gnoll attacks as you move away! The gnoll closely misses you.
You see here a bat corpse.
As you read the scroll labelled ISHUFR DUXYS, it crumbles to dust.
A profound silence engulfs you.
It was a scroll of silence.
The gnoll closely misses you. The gnoll barely misses you.
Magic scrolls do not work when you're silenced!
The gnoll attacks as you move away! The gnoll closely misses you.
The gnoll attacks as you move away! The gnoll closely misses you.
The gnoll attacks as you move away!
The gnoll hits you with a +0 flail of draining!
* * * LOW HITPOINT WARNING * * *
You feel drained.
* * * LOW HITPOINT WARNING * * *
You see here a quokka skeleton.
The gnoll attacks as you move away!
The gnoll hits you with a +0 flail of draining.
You die...

##...##.##### #.####.. ..#
#### #.#
#####.#########..) #.#
#.##.......... #.#
#............. #.#
#.##.######### #.# #.##.#
#.########.##.##
#.....hg.......##
#########g........
#######.)....### .###
#..g.........# ....
######.#####...#..# ###
#...†..........#..#
#>####g#......##..########
#.# #.#.###.###..........
#g# #.#.#...# #.........


You could see 2 gnolls.

Vanquished Creatures
  A gnoll (D:2)
  2 dart slugs (D:1)
  3 ball pythons
  5 bats
  2 endoplasms (D:1)
  4 giant cockroaches
  5 goblins
  4 hobgoblins
  2 jackals (D:2)
  A quokka (D:2)
  3 frilled lizards (D:1)
  5 kobolds
  3 rats (D:1)
40 creatures vanquished.

Notes
Turn   | Place    | Note
-------+----------+-------------------------------------------
     0 | D:1      | LustLizard the Octopode Shapeshifter began the quest for
                  | the Orb.
     0 | D:1      | Reached XP level 1. HP: 13/13 MP: 1/1
   207 | D:1      | Reached XP level 2. HP: 13/18 MP: 2/2
   345 | D:1      | Reached skill level 1 in Stealth
   671 | D:1      | Reached XP level 3. HP: 21/23 MP: 3/3
   989 | D:2      | Learned a level 2 spell: Blink
  1636 | D:2      | Reached XP level 4. HP: 13/29 MP: 4/4
  1650 | D:2      | Slain by a gnoll

Illustrated notes

Levels and vault maps discovered:
D:1:      psy_arrival_conway, layout_rooms, serial_curves, eino_curves_02,
          eino_curves_03, wander_ebering_terrifying_dragon_lair
D:2:      layout_loops_ring, minmay_misc_feat_tiny

Skill      XL: |  1  2 |
---------------+-------+-----
Stealth        | 1 |  1.9
Fighting       | |  1.7
Dodging        | |  2.0
Unarmed Combat | |  3.7
Translocations | |  0.3
Shapeshifting  | |  3.2

Action                     |  1- 3 |  4- 6 || total
---------------------------+-------+-------++-------
  Melee: Unarmed           |    76 |       ||    76
         Constrict         |    24 |       ||    24
         Tentacles         |    11 |       ||    11
         Punch             |     2 |       ||     2
    Use: Scroll            |     2 |     1 ||     3
   Stab: Sleeping          |     1 |       ||     1
 Armour: Skin              |    10 |       ||    10
  Dodge: Dodged            |    49 |     5 ||    54

Table legend: (Time is in decaauts)
 A = Elapsed time spent in this place.
 B = Non-inter-level travel time spent in this place.
 C = Inter-level travel time spent in this place.
 D = Time resting spent in this place.
 E = Time spent auto-exploring this place.
 F = Levels seen in this place.
 G = Mean time per level.
                   A        B        C        D        E       F      G
               +--------+--------+--------+--------+--------+-----+--------+
         Total |   1644 |   1630 |     14 |    260 |    867 |   2 |  822.0 |
       Dungeon |   1644 |   1630 |     14 |    260 |    867 |   2 |  822.0 |
               +--------+--------+--------+--------+--------+-----+--------+

Top non-repeatable levels by time:
     D:1: 931 daAuts
     D:2: 713 daAuts
